 Dungeon Crawl Stone Soup version 0.30.1-11-g7821555f0a (webtiles) character file.

Game seed: 10112425263141503506

45 jagang the Slasher (level 3, -1/29 HPs)
             Began as a Human Monk on Dec 26, 2023.
             Slain by a gnoll
             ... wielding a +0 flail
              (6 damage)
             ... on level 2 of the Dungeon.
             The game lasted 00:02:12 (1027 turns).

jagang the Slasher (Human Monk)                     Turns: 1027, Time: 00:02:13

Health: -1/29      AC:  6    Str: 11    XL:     3   Next: 90%
Magic:  0/3        EV:  9    Int: 10    God:
Gold:   49         SH:  0    Dex: 17    Spells: 2/2 levels left

rFire   . . .        a - +0 falchion
rCold   . . .        d - orb {light}
rNeg    . . .        f - +0 scale mail
rPois   .            (no helmet)
rElec   .            (no cloak)
rCorr   .            (no gloves)
SInv    +            (no boots)
Will    .....        g - amulet of guardian spirit Stlth
                     k - ring of see invisible
HPRegen 0.24/turn    (no ring)
MPRegen 0.08/turn

%: guardian spirit
@: glowing
A: no striking features
a: no special abilities


You were on level 2 of the Dungeon.
You visited 1 branch of the dungeon, and saw 2 of its levels.

You collected 49 gold pieces.

Inventory:

Hand Weapons
 a - a +0 falchion (weapon)
Armour
 d - an orb of light (worn)
 f - a +0 scale mail (worn)
Jewellery
 g - an amulet of guardian spirit (around neck)
 k - a ring of see invisible (left hand)
Scrolls
 b - 2 scrolls of identify {unknown}
 h - a scroll of fear {unknown}
 j - a scroll of teleportation {unknown}
Potions
 e - a potion of haste {unknown}
 i - 2 potions of degeneration {unknown}
 l - a potion of flight {unknown}


   Skills:
 + Level 3.4 Fighting
 + Level 3.4 Long Blades
 + Level 1.4 Armour
 - Level 3.0 Dodging
 + Level 1.0 Invocations


You had 2 spell levels left.
You didn't know any spells.
Your spell library was empty.

Dungeon Overview and Level Annotations

Branches:
Dungeon (2/15)

Altars:


Message History

You hit the gnoll but do no damage.
The gnoll is severely wounded.
The gnoll hits you with a +0 spear. The kobold hits you with a +0 whip.
You completely miss the gnoll.
The gnoll is severely wounded.
The gnoll hits you with a +0 spear.
* * * LOW HITPOINT WARNING * * *
The kobold barely misses you.
You slash the gnoll!
You kill the gnoll!
The endoplasm hits you but does no damage.
The kobold hits you with a +0 whip.
* * * LOW HITPOINT WARNING * * *
Your Invocations skill increases to level 1!
The endoplasm attacks as you move away! The endoplasm completely misses you.
The gnoll attacks as you move away! The gnoll barely misses you.
The endoplasm attacks as you move away! The endoplasm hits you.
* * * LOW HITPOINT WARNING * * *
You are confused.
You feel invigorated. The gnoll barely misses you.
The gnoll closely misses you. The gnoll hits you with a +0 flail.
The gnoll hits you with a +0 flail. x2
The gnoll hits you with a +0 flail. x2
The gnoll closely misses you. The gnoll hits you with a +0 flail!
* * * LOW HITPOINT WARNING * * *
The gnoll closely misses you. The gnoll hits you but does no damage.
You feel less invigorated.
You feel less confused. The gnoll barely misses you.
The gnoll hits you with a +0 flail. The endoplasm freezes you.
You are frozen.
The gnoll attacks as you move away! The gnoll barely misses you.
You slash the gnoll!
The gnoll is severely wounded.
The gnoll hits you with a +0 flail!
* * * LOW HITPOINT WARNING * * *
You hit the gnoll.
The gnoll is severely wounded.
The gnoll hits you with a +0 flail.
You die...

# ################## #.
#...........#..... # #..
#@#....#....'.....
#.#..###g#....#....#.....
......KJg.....#..###.....
.#..#.#.#.###.........†.
#..#...)..=...............
#.......#...###.#.........
#..#.#)..................#
..........###.#..###....
..#...........<...# #....


You could see 2 gnolls and an endoplasm.

Vanquished Creatures
  A gnoll (D:2)
  A worm (D:2)
  A dart slug (D:2)
  3 endoplasms (D:1)
  2 goblins (D:1)
  2 hobgoblins (D:1)
  2 jackals (D:1)
  A quokka (D:1)
  5 ball pythons (D:1)
  2 bats (D:1)
  2 frilled lizards (D:1)
  6 kobolds
  3 rats
31 creatures vanquished.

Notes
Turn   | Place    | Note
-------+----------+-------------------------------------------
     0 | D:1      | jagang the Human Monk began the quest for the Orb.
     0 | D:1      | Reached XP level 1. HP: 18/18 MP: 1/1
    35 | D:1      | Reached XP level 2. HP: 13/24 MP: 2/2
   390 | D:1      | Reached skill level 1 in Armour
   516 | D:1      | Reached XP level 3. HP: 19/29 MP: 3/3
  1013 | D:2      | Reached skill level 1 in Invocations
  1027 | D:2      | Slain by a gnoll

Illustrated notes

Levels and vault maps discovered:
D:1:      minmay_arrival_solitary_statue, layout_loops_ring, serial_glass,
          glass_columns_c, glass_columns_c, glass_columns_c, glass_columns_b,
          glass_columns_b, glass_columns_c, item_on_display_a,
          minmay_strange_pillars, item_on_display_a, due_unseen_surprise,
          kennysheep_small_spiral, solitary_fountain
D:2:      layout_basic

Skill      XL: |  1  2  3 |
---------------+----------+-----
Armour         | 1 |  1.4
Invocations    | 1 |  1.0
Fighting       | |  3.4
Long Blades    | |  3.4
Dodging        | |  3.0

Action                     || total
---------------------------++-------
  Melee: Falchion          ||    79
    Use: Potion            ||     1
 Armour: Robe              ||     6
         Scale mail        ||    33
  Dodge: Dodged            ||    60
